 Dungeon Crawl Stone Soup version 0.22-b1-59-g0aedee7 (webtiles) character file.

10906 Gremour the Carver (level 11, 0/132 HPs)
             Began as a Green Draconian Chaos Knight on Aug 9, 2018.
             Slain by an orc warrior
             ... wielding a +0 mace
              (13 damage)
             ... on level 11 of the Dungeon.
             The game lasted 01:22:40 (11998 turns).

Gremour the Carver (Green Draconian Chaos Knight)  Turns: 11998, Time: 01:22:41

Health: 0/132      AC: 25    Str: 15    XL:     11   Next: 42%
Magic:  11/11      EV: 16    Int: 13    God:    Xom [...*..]
Gold:   219        SH:  0    Dex: 13    Spells: 10/10 levels left

rFire    . . .     SeeInvis .   o - +4 rapier of Calculation {venom, Stlth+}
rCold    + + .     Gourm    .   (no shield)
rNeg     + + .     Faith    .   (armour unavailable)
rPois    ∞         Spirit   .   (helmet restricted)
rElec    +         Reflect  .   r - +1 cloak
rCorr    .         Harm     .   (gloves currently unavailable)
MR       .....                  (boots currently unavailable)
Stlth    ++........             G - amulet of rage
HPRegen  0.32/turn              s - ring of positive energy
MPRegen  0.12/turn              C - ring of protection from cold

@: statue-form, very slow
A: (breathe noxious fumes), unfitting armour, claws 1, hooves 2, blink, cold
resistance 1, mutation resistance 1, poison resistance, cold-blooded, AC +7
a: Blink, Renounce Religion, Evoke Berserk Rage


You were on level 11 of the Dungeon.
You worshipped Xom.
You were a favourite toy of Xom.
You were not hungry.
You were a stone statue.
You visited 1 branch of the dungeon, and saw 11 of its levels.
You also visited: Sewer and Ossuary.

You collected 533 gold pieces.
You spent 314 gold pieces at shops.

Inventory:

Hand Weapons
 a - a +4 long sword
 o - the +4 rapier of Calculation (weapon) {venom, Stlth+}
   (You found it on level 10 of the Dungeon)

   It poisons the flesh of those it strikes.
   It makes you more stealthy.
 u - a +0 falchion of chaos
Missiles
 d - 8 javelins of penetration (quivered)
Armour
 e - a +0 pair of boots of running (melded)
 h - a +0 pair of gloves (melded)
 r - a +1 cloak (worn)
Jewellery
 n - an uncursed amulet of harm
 s - a ring of positive energy (left claw)
 C - a ring of protection from cold (right claw)
 G - an amulet of rage (around neck)
Wands
 p - a wand of clouds (5)
 v - a wand of enslavement (17)
 x - a wand of flame (22)
 A - a wand of paralysis (40)
 F - a wand of acid (4)
Scrolls
 c - 5 scrolls of immolation
 f - 2 scrolls of noise {unknown}
 g - 4 scrolls of magic mapping
 i - 12 scrolls of identify
 j - 7 scrolls of remove curse
 q - 3 scrolls of amnesia
 t - a scroll of blinking {unknown}
 w - 2 scrolls of teleportation
 y - a scroll of fear
 z - 2 scrolls of enchant armour
Potions
 k - a potion of flight
 l - 2 potions of cancellation
 m - 3 potions of curing
 B - a potion of agility {unknown}
Comestibles
 b - 20 rations
 D - 9 chunks of flesh


   Skills:
 - Level 11.3 Fighting
 * Level 12.7 Long Blades
 * Level 7.9 Dodging
 + Level 0.5 Evocations


You had 10 spell levels left.
You didn't know any spells.
Your spell library was empty.

Dungeon Overview and Level Annotations

Branches:
Dungeon (11/15)            Temple (0/1) D:7             Orc (0/2) D:11
   Lair: D:8-11

Altars:
Makhleb
Qazlal
Trog
Vehumet
Xom
Yredelemnul
Zin
The Shining One
Beogh

Shops:
D:7 [   D:9 }?[=(

Annotations:
D:10 2 transporters, biddum's ghost, journeyman HOFi
D:11 exclusion: oklob plant


Innate Abilities, Weirdness & Mutations

((You can breathe blasts of noxious fumes.))
((Your lurid green scales are hard. (AC +7)))
You cannot fit into any form of body armour.
Your system is resistant to poisons. (rPois)
You are cold-blooded and may be slowed by cold attacks.
You have sharp fingernails.
You have hoof-like feet.
You can translocate small distances at will.
Your flesh is cold resistant. (rC+)
You are somewhat resistant to further mutation.


Message History

The orc warrior is heavily wounded.
The orc warrior hits you but does no damage.
The orc warrior hits you with a mace!
* * * LOW HITPOINT WARNING * * *
You completely miss the orc warrior.
You tail-slap the orc warrior, but do no damage.
The orc warrior is severely wounded.
The orc warrior hits you but does no damage.
The orc warrior barely misses you.
You completely miss the orc warrior.
The orc warrior is severely wounded.
The orc warrior hits you with a mace!
* * * LOW HITPOINT WARNING * * *
The orc warrior barely misses you.
You hit the orc warrior but do no damage.
The orc warrior looks as sick as possible!
The orc warrior is severely wounded.
The orc warrior hits you with a mace!
You die... "Boring in life, boring in death..."

#......# #####)##### ###....
#......####.........# #.o.)..
#......##...........# ##)#..(o
#......#..#.........# #))#ooo.
#......#.##.........#####o##o..o
#......'.##.........##)5o.# o...
#......####.........#§.#### ...$
#......# #.........#.## ####
#......# #....8)o....# #......#
#...)o)...### ########
####.###### #..## ##..# #####+##
#####'### #....... #.......#
#....... #.......# #..)....
#.......# ###.......


You could see 2 orc warriors.

Vanquished Creatures
  Harold (D:8)
  An ugly thing (D:11)
  A gargoyle (D:10)
  A queen bee (D:9)
  A hornet (D:10)
  Prince Ribbit (D:8)
  A troll (D:11)
  Grinder (D:3)
  3 hippogriffs
  6 yaks (D:10)
  2 water moccasins (D:8)
  A sky beast (D:5)
  A black bear (D:7)
  6 ice beasts
  2 phantoms
  10 orc warriors
  8 ogres
  A necrophage (D:6)
  2 centaurs
  A crocodile (Sewer)
  5 big kobolds
  3 bullfrogs
  2 elf zombies (Ossuary)
  4 scorpions
  20 killer bees
  4 wights (D:8)
  5 crimson imps
  6 hounds
  Crazy Yiuf (D:3)
  10 orc wizards
  A quasit (D:9)
  12 orc priests
  A human zombie (Ossuary)
  5 iguanas
  8 worker ants
  4 big kobold zombies (Ossuary)
  2 hound zombies
  3 hound skeletons
  4 mummies (Ossuary)
  Robin (D:3)
  A worker ant zombie (D:8)
  16 adders
  8 gnolls
  5 river rats (D:5)
  3 shadow imps
  3 oozes
  2 adder zombies
  8 worms
  3 dart slugs
  6 leopard geckos
  64 orcs
  4 ball pythons
  4 giant cockroaches
  13 goblins
  11 hobgoblins
  14 jackals
  31 kobolds
  5 quokkas
  8 bats
  A frilled lizard (D:3)
  A giant cockroach zombie (D:5)
  A gnoll zombie (Ossuary)
  13 rats
377 creatures vanquished.

Vanquished Creatures (collateral kills)
  3 orc warriors
  2 killer bees (D:10)
  2 wights (D:8)
  A crimson imp (D:6)
  An orc priest (D:11)
  A bullfrog skeleton (D:6)
  A centaur skeleton (D:10)
  3 orc wizards
  A hound zombie (D:6)
  An adder (D:6)
  8 orcs
  2 goblins (D:3)
26 creatures vanquished.

Vanquished Creatures (others)
  A dancing weapon (D:11)
  2 orc priests (D:11)
  A gnoll (D:4)
  An adder zombie (Ossuary)
  11 orcs (D:11)
  A jackal (D:7)
  A kobold zombie (Ossuary)
  A fungus (D:3)
19 creatures vanquished.

Grand Total: 422 creatures vanquished

Notes
Turn   | Place    | Note
-------+----------+-------------------------------------------
     0 | D:1      | Gremour the Draconian Chaos Knight began the quest for the Orb.
     0 | D:1      | Reached XP level 1. HP: 19/19 MP: 1/1
    30 | D:1      | XOM: smoke on damage
   111 | D:1      | XOM: divination: detect items
   290 | D:1      | Reached XP level 2. HP: 17/27 MP: 2/2
   323 | D:1      | XOM: enchant monster (good)
   418 | D:1      | XOM: noise
   606 | D:1      | Reached XP level 3. HP: 16/34 MP: 3/3
   757 | D:1      | XOM is BORED!
   757 | D:1      | XOM: medium Pois miscast
  1001 | D:2      | Reached skill level 5 in Fighting
  1030 | D:2      | Found a glowing silver altar of Zin.
  1035 | D:2      | Found a glowing golden altar of the Shining One.
  1286 | D:2      | XOM: cast spell 'Cause Fear'
  1291 | D:2      | Reached XP level 4. HP: 36/42 MP: 4/4
  1301 | D:2      | XOM: silly message
  1583 | D:2      | Found a faded altar of an unknown god.
  1927 | D:3      | Reached XP level 5. HP: 36/51 MP: 5/5
  1945 | D:3      | Found a shimmering altar of Xom.
  2254 | D:3      | Noticed Robin
  2271 | D:3      | Killed Robin
  2281 | D:3      | XOM: confuse monster(s)
  2310 | D:3      | Found a runed door.
  2366 | D:3      | Noticed Grinder
  2367 | D:3      | XOM: confuse monster(s)
  2385 | D:3      | Killed Grinder
  2385 | D:3      | Reached XP level 6. HP: 58/61 MP: 6/6
  2492 | D:3      | XOM: blink monster(s)
  2596 | D:3      | XOM: summons 2 hostile shadow creatures
  2667 | D:3      | Noticed Crazy Yiuf
  2674 | D:3      | Killed Crazy Yiuf
  2768 | D:4      | Found a sand-covered staircase.
  2776 | Ossuary  | Entered an ossuary
  2779 | Ossuary  | XOM: mild Tmut miscast
  2785 | Ossuary  | XOM: potion effect (curing)
  2805 | Ossuary  | XOM: stat loss: -1 Int (9/13)
  2816 | Ossuary  | XOM: scenery: create altars
  2822 | Ossuary  | XOM: fog
  2825 | Ossuary  | XOM: 1-stop teleportation journey
  2835 | Ossuary  | Your scales start taking on a lurid green colour.
  2835 | Ossuary  | Reached XP level 7. HP: 16/69 MP: 7/7
  2835 | Ossuary  | Gained mutation: Your system is resistant to poisons. (rPois) [Green Draconian growth]
  3049 | Ossuary  | XOM: cleaving
  3055 | Ossuary  | XOM: cleaving
  3291 | Ossuary  | XOM: fog
  3294 | Ossuary  | XOM: confuse monster(s)
  3322 | Ossuary  | XOM: god gift: triangular golden amulet {god gift}
  3429 | Ossuary  | XOM: confuse monster(s)
  3668 | D:4      | Reached skill level 10 in Fighting
  3701 | D:4      | XOM: cast spell 'Necromutation'
  3913 | D:4      | XOM: cleaving
  3915 | D:4      | Reached XP level 8. HP: 59/81 MP: 8/8
  3915 | D:4      | XOM: give mutations
  3915 | D:4      | Gained mutation: You are frail. (-10% HP) [Xom's mischief]
  3915 | D:4      | Gained mutation: Your flesh is cold resistant. (rC+) [Xom's mischief]
  3915 | D:4      | Gained mutation: You have large cloven feet. [Xom's mischief]
  3915 | D:4      | Gained mutation: You occasionally shout uncontrollably at your foes. [Xom's mischief]
  4091 | D:5      | Entered Level 5 of the Dungeon
  4116 | D:5      | XOM: swap monsters
  4363 | D:5      | XOM: confusion
  4378 | D:5      | Found a glowing drain.
  4386 | Sewer    | Entered a sewer
  4777 | D:5      | Reached skill level 4 in Long Blades
  4794 | D:5      | XOM: cast spell 'Shadow Creatures'
  5007 | D:5      | XOM: cloud trail
  5066 | D:5      | Got a smoking cloak
  5077 | D:5      | Identified the +2 cloak of Articulation {rPois MR+ Int+2 Dex-5} (You found it on level 5 of the Dungeon)
  5186 | D:5      | Found a bloodstained altar of Trog.
  5326 | D:5      | Reached skill level 5 in Long Blades
  5856 | D:6      | Reached skill level 6 in Long Blades
  5974 | D:6      | Reached XP level 9. HP: 70/80 MP: 9/9
  6043 | D:6      | XOM: cloud trail
  6246 | D:6      | Paralysed by an orc for 4 turns
  6254 | D:6      | Reached skill level 7 in Long Blades
  6314 | D:6      | XOM: give mutations
  6314 | D:6      | Gained mutation: You possess an exceptional clarity of mind. [Xom's mischief]
  6314 | D:6      | Gained mutation: You are somewhat resistant to further mutation. [Xom's mischief]
  6314 | D:6      | Gained mutation: You are dopey. (Int -2) [Xom's mischief]
  6348 | D:6      | XOM: give mutations
  6348 | D:6      | Gained mutation: You have hoof-like feet. [Xom's grace]
  6348 | D:6      | Gained mutation: You can translocate small distances at will. [Xom's grace]
  6440 | D:6      | Found a burning altar of Makhleb.
  6561 | D:7      | Found Loteot's Armour Shop.
  6617 | D:7      | Found a stormy altar of Qazlal.
  6684 | D:7      | Reached skill level 8 in Long Blades
  6704 | D:7      | Found a staircase to the Ecumenical Temple.
  6796 | D:7      | Found a radiant altar of Vehumet.
  6918 | D:7      | Found a basalt altar of Yredelemnul.
  7059 | D:8      | XOM: destruction
  7063 | D:8      | XOM: confuse monster(s)
  7066 | D:8      | XOM: scenery: 1 doors close
  7071 | D:8      | Reached skill level 9 in Long Blades
  7135 | D:8      | XOM: summons 9 friendly demons
  7179 | D:8      | XOM: enchant monster (bad)
  7181 | D:8      | XOM: destruction
  7540 | D:8      | XOM: give mutation
  7540 | D:8      | Lost mutation: You are dopey. (Int -2) [Xom's mischief]
  7573 | D:8      | Reached skill level 10 in Long Blades
  7573 | D:8      | Reached XP level 10. HP: 73/86 MP: 10/10
  7636 | D:8      | Noticed Harold
  7650 | D:8      | Killed Harold
  7715 | D:8      | Lost mutation: You occasionally shout uncontrollably at your foes. [potion of mutation]
  7715 | D:8      | Lost mutation: You possess an exceptional clarity of mind. [potion of mutation]
  7715 | D:8      | Lost mutation: You are frail. (-10% HP) [potion of mutation]
  7715 | D:8      | Gained mutation: You have sharp fingernails. [potion of mutation]
  7761 | D:8      | Noticed Prince Ribbit
  7766 | D:8      | Killed Prince Ribbit
  7770 | D:8      | XOM: enchant monster (bad)
  7868 | D:8      | XOM: harmless Erth miscast
  7870 | D:8      | Reached skill level 11 in Long Blades
  8126 | D:9      | XOM: confuse monster(s)
  8145 | D:9      | Found Etud's Gadget Shoppe.
  8362 | D:9      | Found Gydusyxi's Weapon Shoppe.
  8414 | D:9      | Found Kocronnis's Jewellery Shop.
  8455 | D:9      | Found Qoemm's Antique Armour Shop.
  8497 | D:9      | Bought a pair of runed boots for 157 gold pieces
  8507 | D:9      | Identified a +0 pair of boots of running (You bought it in a shop on level 9 of the Dungeon)
  8507 | D:9      | Bought an embroidered cloak for 157 gold pieces
  8691 | D:9      | Found Plog's Magic Scroll Boutique.
  8878 | D:9      | XOM: noise
  8893 | D:9      | Reached skill level 5 in Dodging
  8914 | D:9      | XOM: enchant monster (good)
  8952 | D:9      | HP: 2/96 [queen bee (8)]
  9277 | D:9      | XOM: divination: detect creatures
  9327 | D:10     | Entered Level 10 of the Dungeon
  9429 | D:10     | XOM: enchant monster (good)
  9435 | D:10     | XOM: divination: detect creatures
  9436 | D:10     | XOM: swap monsters
  9449 | D:10     | Reached skill level 12 in Long Blades
  9613 | D:10     | Got a twisted rapier
  9614 | D:10     | Identified the +4 rapier of Calculation {venom, Stlth+} (You found it on level 10 of the Dungeon)
  9631 | D:10     | XOM: divination: detect items
  9882 | D:10     | Noticed a gargoyle
  9899 | D:10     | XOM: cast spell 'Summon Ice Beast'
  9911 | D:10     | XOM: noise
  9925 | D:10     | XOM: enchant monster (good)
  9952 | D:10     | XOM: potion effect (agility)
  9961 | D:10     | XOM: enchant monster (good)
 10100 | D:9      | XOM: harmless Chrm miscast
 10274 | D:10     | Killed a gargoyle
 10274 | D:10     | Reached XP level 11. HP: 102/102 MP: 11/11
 10429 | D:10     | XOM: harmless Air miscast
 10440 | D:10     | Noticed biddum's ghost (journeyman HOFi)
 10522 | D:10     | Found a transporter.
 10523 | D:10     | Found a transporter.
 10526 | D:10     | Noticed a deep elf mage
 10566 | D:10     | XOM: divination: detect creatures
 10617 | D:10     | XOM: severe Necr miscast
 10710 | D:10     | XOM: confusion
 10848 | D:10     | XOM: medium Chrm miscast
 10851 | D:10     | XOM: summons 2 hostile demons
 10868 | D:10     | XOM: noise
 10876 | D:9      | XOM: medium Necr miscast
 11242 | D:10     | XOM: fake destruction
 11247 | D:10     | XOM: cleaving
 11494 | D:11     | Noticed a cyan ugly thing
 11512 | D:11     | XOM: summons 5 friendly demons
 11520 | D:11     | Killed a cyan ugly thing
 11605 | D:11     | Found a roughly hewn altar of Beogh.
 11605 | D:11     | Found a staircase to the Orcish Mines.
 11609 | D:11     | XOM: destruction
 11612 | D:11     | XOM: fake destruction
 11621 | D:11     | XOM: noise
 11732 | D:11     | Noticed an oklob plant
 11841 | D:11     | XOM: 3-stop teleportation journey
 11951 | D:11     | XOM: summons 5 friendly demons
 11985 | D:11     | XOM: cast spell 'Statue Form'
 11987 | D:11     | XOM: enchant monster (good)
 11998 | D:11     | Slain by an orc warrior

Skill      XL: |  1  2  3  4  5  6  7  8  9 10 11 |
---------------+----------------------------------+-----
Fighting       | 4 5 6 8 10 11 | 11.3
Long Blades    | 6 10 12 | 12.7
Dodging        | 3 4 6 7 |  7.9
Evocations     | |  0.5

Action                   |  1- 3 |  4- 6 |  7- 9 | 10-12 || total
-------------------------+-------+-------+-------+-------++-------
Melee: Falchion          |    90 |   183 |   550 |       ||   823
       Tailslap          |     9 |    33 |    80 |    57 ||   179
       Kick              |       |       |   140 |    12 ||   152
       Long sword        |       |       |    26 |   206 ||   232
       Rapier            |       |       |       |   226 ||   226
 Abil: Breathe Noxious F |       |       |    11 |     6 ||    17
       Blink             |       |       |       |     3 ||     3
       Evoke Berserk Rag |       |       |       |     1 ||     1
Evoke: Wand              |       |       |       |     2 ||     2
  Use: Potion            |       |     6 |     4 |     6 ||    16
       Scroll            |       |       |     2 |    10 ||    12
 Stab: Petrified         |       |    11 |    14 |       ||    25
       Confused          |       |     4 |     7 |     3 ||    14
       Paralysed         |       |     1 |     7 |     2 ||    10
       Petrifying        |       |       |     1 |       ||     1
       Sleeping          |       |       |       |     3 ||     3
       Invisible         |       |       |       |     1 ||     1
       Distracted        |       |       |       |     1 ||     1
  Eat: Chunk             |     1 |     5 |     9 |     6 ||    21
       Ration            |       |       |     3 |     3 ||     6
Armor: Skin              |    24 |    68 |   175 |   111 ||   378
Dodge: Dodged            |    56 |   109 |   296 |   310 ||   771
       Rpst.: Falchion   |    17 |    40 |    85 |       ||   142
       Long sword        |       |       |     9 |    35 ||    44
